cohdb
Replays
Latest Replays
All Replays
Popular Replays
Top Player Replays
Match Explorer
How It Works
Community
CoH3 Stats
Reddit
Sign in to upload your games and track your stats! →
Sign in with Steam
Match 19670466
Unlisted
Match 19670466
Overview
Messages
Build Orders
End
Construct Infanterie Kompanie
Selects Italian Coastal Battlegroup
Selects Coastal Reserves
Coastal Reserve
MG 42 Machine Gun Team
Coastal Reserve
Coastal Reserve
Selects Artillery Officer
Artillery Officer
Medical Station
Construct Panzergrenadier Kompanie
Selects Support Bunkers
Coastal Reserve
Selects Designated Artillery Overwatch
MG 42 Bunker
MG 42 Bunker
Selects Bulwark
MG 42 Bunker
Construct Panzer Kompanie
MG 42 Bunker
Medical Bunker
Designated Artillery Overwatch
Selects Coastal Wall
MG 42 Bunker
Coastal Reserve
Construct Luftwaffe Kompanie
Support Elements
MG 42 Bunker
MG 42 Bunker
Wirbelwind Flakpanzer
MG 42 Bunker
MG 42 Bunker
Anti-tank Bunker
Designated Artillery Overwatch
MG 42 Bunker
MG 42 Bunker
MG 42 Bunker
MG 42 Bunker
MG 42 Bunker
MG 42 Bunker
Designated Artillery Overwatch
kerem
kuzu1
xxxx
♨TEA.UP®♨LordStickyLeaf
剩者为王
冬泳健将钱谦益
小猪快跑
【HAN】通幽
0
0
Comments
sign in to comment!
No comments posted yet!